Map: Orbital Shipyard

Players

Chris (MCanning) - Winner!

  • Race: Protoss Protoss

Fivebrane

  • Race: Zerg Zerg

VOD

Have the link to the VOD?

Description

Time

  • Played on: Nov. 11, 2015, 12:21 a.m.
  • Length: 12:16
Show
View Real Time Build Order
Export as new Build Order

Chris Protoss - Winner!

Build Orders: Nexus First 

Get SALT Encoding   

  12  0:01  Probe (Chrono Boost)  
  13  0:12  Probe (Chrono Boost)  
  14  0:22  Probe (Chrono Boost), Pylon  
  15  0:40  Probe (Chrono Boost)  
  16  0:51  Probe (Chrono Boost)  
  17  1:01  Nexus  
  17  1:10  Gateway  
  17  1:14  Probe (Chrono Boost)  
  18  1:24  Probe (Chrono Boost)  
  19  1:26  Assimilator  
  19  1:32  Assimilator  
  19  1:35  Probe (Chrono Boost)  
  19  1:38  Pylon  
  20  1:45  Probe (Chrono Boost)  
  21  1:56  Probe (Chrono Boost)  
  21  2:01  Cybernetics Core  
  21  2:05  Zealot  
  21  2:06  Probe (Chrono Boost)  
  25  2:15  Probe (Chrono Boost)  
  25  2:17  Probe (Chrono Boost)  
  26  2:26  Probe (Chrono Boost)  
  26  2:28  Probe (Chrono Boost)  
  28  2:36  Probe (Chrono Boost)  
  29  2:38  Stalker (Chrono Boost)  
  29  2:39  Mothership Core (Chrono Boost)  
  29  2:41  Warp Gate  
  33  2:45  Probe  
  34  2:55  Pylon  
  35  2:58  Probe (Chrono Boost)  
  35  2:59  Probe (Chrono Boost)  
  36  3:10  Probe x2 (Chrono Boost)  
  38  3:15  Sentry  
  40  3:21  Probe (Chrono Boost)  
  40  3:23  Probe (Chrono Boost), Gateway  
  40  3:24  Gateway  
  42  3:31  Probe (Chrono Boost)  
  43  3:36  Probe (Chrono Boost)  
  44  3:41  Pylon  
  44  3:46  Nexus  
  44  3:48  Pylon  
  44  3:50  Sentry  
  44  3:52  Probe (Chrono Boost)  
  44  3:54  Probe (Chrono Boost)  
  48  4:01  Pylon  
  49  4:03  Probe (Chrono Boost)  
  49  4:05  Probe (Chrono Boost)  
  50  4:13  Probe (Chrono Boost)  
  50  4:15  Probe (Chrono Boost)  
  50  4:16  Robotics Facility  
  52  4:20  Pylon  
  52  4:24  Probe (Chrono Boost)  
  53  4:26  Probe (Chrono Boost)  
  53  4:30  Pylon  
  54  4:32  Assimilator  
  54  4:34  Probe (Chrono Boost)  
  54  4:36  Probe (Chrono Boost), Assimilator  
  56  4:45  Probe (Chrono Boost), Forge  
  57  4:51  Adept x3  
  63  4:53  Probe (Chrono Boost)  
  58  5:08  Probe (Chrono Boost)  
  58  5:09  Probe (Chrono Boost)  
  58  5:12  Probe (Chrono Boost)  
  61  5:17  Protoss Ground Weapons Level 1 (Chrono Boost)  
  61  5:18  Probe (Chrono Boost)  
  61  5:19  Probe (Chrono Boost)  
  63  5:22  Photon Cannon  
  63  5:23  Probe  
  63  5:27  Photon Cannon  
  64  5:30  Probe  
  64  5:31  Observer (Chrono Boost)  
  66  5:35  Probe  
  66  5:37  Twilight Council  
  66  5:38  Probe  
  66  5:42  Stalker x2  
  72  5:47  Probe (Chrono Boost)  
  74  5:50  Observer (Chrono Boost)  
  74  5:51  Probe (Chrono Boost)  
  74  5:55  Probe (Chrono Boost), Robotics Bay  
  76  5:59  Probe (Chrono Boost)  
  76  6:02  Probe (Chrono Boost)  
  76  6:03  Stalker  
  80  6:06  Probe (Chrono Boost)  
  80  6:08  Observer  
  80  6:10  Probe (Chrono Boost)  
  83  6:13  Probe (Chrono Boost)  
  83  6:15  Gateway  
  83  6:16  Gateway  
  83  6:17  Probe (Chrono Boost)  
  85  6:20  Probe (Chrono Boost)  
  85  6:22  Probe  
  85  6:25  Pylon  
  87  6:28  Probe  
  87  6:32  Probe x2, Blink (Chrono Boost)  
  89  6:38  Disruptor  
  90  6:40  Pylon  
  90  6:42  Assimilator  
  90  6:44  Stalker x3  
  90  6:46  Assimilator  
  99  6:55  Gateway  
  99  6:57  Gateway  
  99  6:59  Gateway  
  99  7:08  Protoss Ground Weapons Level 2 (Chrono Boost)  
  99  7:09  Disruptor  
  102  7:20  Probe  
  103  7:24  Probe  
  104  7:31  Nexus  
  104  7:32  Stalker x3  
  104  7:33  Pylon  
  104  7:34  Stalker x2, Pylon  
  114  7:40  Disruptor  
  114  7:42  Dark Shrine, Pylon  
  114  7:45  Pylon  
  114  7:50  Probe  
  118  7:57  Stalker x2  
  122  7:58  Stalker, Photon Cannon  
  122  8:02  Photon Cannon  
  124  8:09  Zealot x3  
  130  8:13  Probe  
  132  8:20  Probe  
  132  8:26  Probe  
  133  8:27  Sentry  
  133  8:28  Zealot x3  
  141  8:34  Probe, Disruptor  
  141  8:37  Stalker x3  
  141  8:38  Stalker  
  153  8:43  Probe  
  154  8:49  Probe  
  154  8:53  Probe  
  154  8:54  Photon Cannon  
  154  8:55  Zealot x2  
  158  8:58  Photon Cannon  
  158  9:00  Assimilator  
  158  9:01  Photon Cannon  
  158  9:02  Dark Templar, Photon Cannon  
  159  9:03  Photon Cannon  
  159  9:06  Probe  
  159  9:08  Observer  
  159  9:09  Assimilator  
  153  9:16  Photon Cannon  
  152  9:20  Dark Templar x3  
  158  9:26  Dark Templar, Archon x2  
  158  9:28  Probe  
  161  9:31  Probe  
  161  9:33  Dark Templar x2  
  166  9:39  Dark Templar, Archon  
  166  9:42  Protoss Ground Weapons Level 3 (Chrono Boost)  
  166  9:44  Stalker  
  170  9:46  Archon  
  170  10:15  Stalker  
  172  10:22  Pylon  
  172  10:23  Pylon x2  
  172  10:24  Pylon  
  172  10:32  Observer Gravitic Boosters (Chrono Boost)  
  172  10:35  Disruptor  
  175  10:43  Nexus  
  175  10:44  Pylon  
  175  10:46  Pylon  
  175  10:49  Pylon  
  175  10:51  Zealot x2  
  175  10:52  Zealot x5  
  189  11:06  Disruptor  
  192  11:22  Probe  
  192  11:23  Probe  
  192  11:24  Stalker x3  
  200  11:31  Probe  
Show
View Real Time Build Order
Export as new Build Order

Fivebrane Zerg 

Build Orders: 3 Hatch before Pool, Lurkers 

Get SALT Encoding   

  12  0:01  Drone  
  13  0:15  Overlord  
  13  0:17  Drone  
  14  0:33  Drone x2  
  16  0:49  Hatchery  
  15  0:54  Drone  
  16  1:02  Drone  
  17  1:05  Drone  
  18  1:13  Drone  
  19  1:26  Hatchery  
  19  1:28  Drone  
  19  1:40  Spawning Pool  
  19  1:43  Drone, Extractor  
  18  2:04  Drone x4  
  22  2:14  Drone  
  23  2:23  Drone x2  
  23  2:26  Queen  
  27  2:37  Queen  
  27  2:42  Metabolic Boost  
  29  2:48  Overlord  
  29  2:50  Zergling x6  
  32  2:51  Drone  
  32  2:53  Drone  
  34  3:06  Queen  
  34  3:09  Drone x2  
  34  3:10  Drone x2  
  41  3:20  Zergling x4  
  41  3:22  Overlord  
  41  3:23  Overlord  
  42  3:33  Overlord  
  42  3:35  Evolution Chamber  
  42  3:36  Drone  
  42  3:42  Spore Crawler  
  42  3:44  Spore Crawler  
  40  3:52  Spore Crawler  
  40  3:53  Drone x3  
  40  3:55  Drone x3  
  44  4:11  Lair  
  44  4:12  Drone  
  44  4:13  Drone, Roach Warren  
  45  4:17  Extractor  
  45  4:24  Drone x6  
  45  4:27  Zergling x4  
  52  4:31  Overlord  
  52  4:35  Zerg Missile Weapons Level 1  
  52  4:39  Drone  
  52  4:40  Drone  
  51  5:07  Drone x5  
  51  5:08  Drone x3  
  51  5:10  Extractor  
  51  5:11  Extractor  
  56  5:16  Overlord, Hydralisk Den  
  56  5:17  Overseer  
  56  5:20  Glial Reconstitution  
  55  5:22  Drone x8  
  55  5:23  Drone  
  55  5:25  Extractor x2  
  55  5:26  Spine Crawler  
  55  5:28  Overlord  
  61  5:47  Drone x3  
  63  5:51  Lurker Den  
  63  5:52  Drone  
  63  5:53  Drone x4  
  67  6:06  Drone x7  
  67  6:09  Hydralisk  
  67  6:10  Hydralisk  
  67  6:11  Spire  
  77  6:12  Hydralisk  
  77  6:15  Hydralisk  
  81  6:25  Drone  
  82  6:26  Overlord  
  82  6:28  Hatchery  
  81  6:33  Zerg Missile Weapons Level 2  
  81  6:37  Hydralisk x3  
  81  6:38  Hydralisk  
  89  6:41  Overlord  
  89  6:44  Roach x3  
  89  6:45  Overlord  
  95  6:56  Hydralisk  
  95  7:01  Overlord x2  
  97  7:04  Hydralisk  
  97  7:05  Hydralisk x3  
  97  7:07  Hatchery  
  104  7:10  Queen  
  106  7:18  Lurker x2  
  106  7:19  Lurker  
  106  7:21  Zergling x2  
  106  7:22  Zergling x16  
  118  7:31  Overlord  
  118  7:32  Overlord  
  119  7:44  Lurker x4  
  119  7:47  Zergling x12  
  119  7:48  Zergling x6  
  119  7:50  Zergling x4  
  109  8:27  Zergling x4  
  109  8:28  Hydralisk, Zergling x8  
  109  8:29  Hydralisk x8  
  126  8:34  Drone x3  
  126  8:37  Drone x2  
  126  8:38  Drone  
  127  8:44  Hydralisk  
  127  8:45  Hydralisk x2  
  133  9:07  Hydralisk x7  
  133  9:08  Hydralisk x2  
  144  9:11  Drone  
  144  9:12  Drone x3  
  144  9:15  Drone x3  
  139  9:17  Hydralisk, Extractor  
  139  9:19  Lurker x2, Extractor  
  139  9:20  Lurker x2  
  139  9:21  Lurker  
  144  9:27  Drone x4  
  144  9:28  Drone  
  149  9:41  Zerg Ground Armor Level 1  
  149  9:42  Hatchery  
  148  9:47  Lurker x2  
  148  9:49  Overlord x2  
  148  9:50  Overlord x3  
  150  9:55  Overlord  
  150  9:56  Pneumatized Carapace  
  147  10:01  Infestation Pit  
  131  10:09  Muscular Augments  
  125  10:17  Hatchery, Lurker x2  
  125  10:18  Lurker  
  125  10:20  Zergling x32  
  125  10:21  Zergling x12  
  148  10:40  Zergling x6  
  142  10:48  Zergling x6  
  142  10:49  Zergling x2  
  128  10:50  Zergling x18  
  131  10:58  Lurker x4  
  130  11:14  Zergling x6  
  130  11:17  Zergling x4  
  130  11:18  Zergling x4  
  107  11:22  Zergling x14  
  101  11:26  Zergling x8  
  101  11:31  Zergling x2  
Tags
 
Add a new tag
Caveats
  • Supply blocks, unpowered buildings, or Contaminate may cause inaccurate times.
  • Supply counts are checked every 10 seconds.